 Dungeon Crawl Stone Soup version 0.29.0-4-gdea44cf6ec (webtiles) character file.

Game seed: 15221182173547902381

10343 qw the Grappler (level 11, -1/94 HPs)
             Began as a Ghoul Fire Elementalist on Aug 29, 2022.
             Was a High Priest of Okawaru.
             Slain by a merfolk
             ... wielding a +0 trident
              (11 damage)
             ... on level 2 of the Lair of Beasts.
             The game lasted 00:07:48 (11084 turns).

qw the Grappler (Ghoul Fire Elementalist)          Turns: 11084, Time: 00:07:48

Health: -1/94      AC: 17    Str: 26    XL:     11   Next: 60%
Magic:  14/17      EV:  6    Int:  6    God:    Okawaru [*****.]
Gold:   418        SH:  0    Dex: 15    Spells: 12/13 levels left

rFire   + . .      SeeInvis .     - Unarmed
rCold   + + .      Faith    .   (no shield)
rNeg    + + +      Spirit   .   m - +0 chain mail
rPois   inf        Reflect  +   g - +0 helmet
rElec   .          Harm     .   c - +1 cloak "Orhis" {Str+6 Int-4}
rCorr   .          Rampage  .   j - +0 pair of gloves
Will    .....                   p - +0 pair of boots "Xuenaba" {Str-3 Dex+6}
Stlth   +.........              q - amulet of reflection
HPRegen 0.00/turn               k - +6 ring of strength
MPRegen 0.15/turn               f - ring of Aceepum {rF+ rC+}

@: about to teleport, heroic, held, inhibited regen
A: claws 1, cold resistance 1, negative energy resistance 3, inhibited
regeneration, torment resistance 2, devour on kill
a: Renounce Religion, Heroism, Finesse, Duel


You were on level 2 of the Lair of Beasts.
You worshipped Okawaru.
Okawaru was extremely pleased with you.
You visited 2 branches of the dungeon, and saw 10 of its levels.

You collected 528 gold pieces.
You spent 110 gold pieces at shops.


Innate Abilities, Weirdness & Mutations

You are immune to poison.
You have sharp fingernails.
Your flesh is cold resistant. (rC+)
You are immune to negative energy. (rN+++)
You do not regenerate when monsters are visible.
You are immune to unholy pain and torment.
You thrive by killing the living.


   Skills:
 - Level 8.0(13.0) Fighting
 - Level 3.0(8.0) Throwing
 - Level 4.0(9.0) Armour
 - Level 3.1(8.1) Dodging
 - Level 2.1(7.1) Stealth
 + Level 13.4(18.4) Unarmed Combat
 - Level 1.7 Spellcasting
 - Level 0.7 Conjurations
 - Level 2.4 Fire Magic
 + Level 9.3 Invocations


You had 12 spell levels left.
You knew the following spells:

 Your Spells              Type           Power      Damage    Failure   Level
a - Foxfire               Conj/Fire      8%         2x1d4     73%         1

Your spell library contained the following spells:

 Spells                   Type           Power      Damage    Failure   Level
 Scorch                   Fire           6%         2d5       75%         2
 Conjure Flame            Conj/Fire      2%         6-21      97%         3
 Inner Flame              Hex/Fire       1%         N/A       98%         3
 Flame Wave               Conj/Fire      2%         2d4       100%        4

Inventory:

Missiles
 o - 10 boomerangs
 v - 6 silver boomerangs
 x - 6 javelins (quivered)
Armour
 c - the +1 cloak "Orhis" (worn) {Str+6 Int-4}
   (You found it on level 5 of the Dungeon)

   Str:       It affects your strength (+6).
   Int:       It affects your intelligence (-4).
 g - a +0 helmet (worn)
 j - a +0 pair of gloves (worn)
 m - a +0 chain mail (worn)
 p - the +0 pair of boots "Xuenaba" (worn) {Str-3 Dex+6}
   (You acquired it on level 6 of the Dungeon)

   Str:       It affects your strength (-3).
   Dex:       It affects your dexterity (+6).
Jewellery
 f - the ring of Aceepum (right hand) {rF+ rC+}
   (You found it on level 4 of the Dungeon)

   [ring of protection from fire]

   rF:        It protects you from fire.
   rC:        It protects you from cold.
 i - a ring of resist corrosion
 k - a +6 ring of strength (left hand)
 n - a +6 ring of dexterity
 q - an amulet of reflection (around neck)
Scrolls
 d - a scroll of identify
 l - 2 scrolls of teleportation
 y - a scroll of enchant weapon
Potions
 a - a potion of haste
 b - 3 potions of resistance
 e - 4 potions of curing
 h - a potion of mutation
 r - a potion of magic
 s - a potion of cancellation {unknown}
 t - a potion of brilliance {unknown}
 u - 2 potions of heal wounds
 z - a potion of ambrosia {unknown}

Dungeon Overview and Level Annotations

Branches:
Dungeon (8/15)             Temple (0/1) D:5            Lair (2/5) D:8
 Shoals (0/4) Lair:2
  Snake: Lair:2-3    Spider: Lair:2-3

Altars:
Ashenzari
Cheibriados
Gozag
Kikubaaqudgha
Okawaru
Qazlal
Vehumet
Wu Jian
Yredelemnul

Shops:
D:4 *


Message History

You closely miss the merfolk siren. You punch the merfolk siren.
The merfolk siren is lightly wounded.
You feel like a meek peon again.
The merfolk siren chants its luring song.
The merfolk hits you from afar with a +0 trident!!
You pummel the merfolk siren!!
The merfolk siren is heavily wounded.
The merfolk closely misses you.
You barely miss the merfolk siren.
The merfolk siren is heavily wounded.
The merfolk barely misses you.
The merfolk siren chants its luring song.
The merfolk closely misses you.
You pummel the merfolk siren!!
You are no longer entranced.
You kill the merfolk siren!
Okawaru is honoured by your kill. The merfolk closely misses you.
The merfolk throws a throwing net.
The throwing net hits you.
You become entangled in the net!
You struggle against the net.
The merfolk hits you from afar with a +0 trident.
The merfolk hits you from afar with a +0 trident!
11080 ||| INVOKING Heroism.
You gain the combat prowess of a mighty hero.
The merfolk hits you from afar with a +0 trident.
The merfolk hits you but does no damage.
You struggle against the net.
The merfolk hits you from afar with a +0 trident! x2
11082 ||| READING 3 scrolls of teleportation.
As you read the scroll of teleportation, it crumbles to dust.
You feel strangely unstable. The merfolk barely misses you.
The merfolk hits you from afar with a +0 trident.
11083 ||| DRINKING 3 potions of heal wounds.
You feel much better. The merfolk barely misses you.
The merfolk hits you from afar with a +0 trident!
You struggle against the net.
The merfolk hits you from afar with a +0 trident! x2
You die...

........##.....## .....
........###....P##.....
........P#.....##......
...P##P #..........# #
.## ##........###..
##......###..#>
##.......# $.~~~
........##m~~~#
........[@)m.#
........)$.###
##.#####.## ## ###


You could see 2 merfolk.

Vanquished Creatures
  A boulder beetle (Lair:1)
  Pikel (D:4)
  A wolf spider (Lair:1)
  An ugly thing (D:7)
  2 merfolk sirens (Lair:2)
  A black mamba (Lair:1)
  A cane toad (Lair:1)
  A komodo dragon (Lair:2)
  Grinder (D:6)
  Sigmund (D:4)
  8 yaks (Lair:1)
  3 steam dragons (D:7)
  Grum (D:8)
  Edmund (D:6)
  2 water moccasins (Lair:1)
  A sky beast (D:6)
  An ice beast (D:7)
  An orc warrior (D:7)
  A black bear (D:3)
  4 ogres (D:5)
  15 wolves
  2 phantoms (D:5)
  A centaur (D:8)
  3 lemures (D:4)
  2 kobold brigands
  Blork the orc (D:5)
  5 bullfrogs
  2 necrophages
  3 scorpions
  8 wights (D:8)
  5 killer bees (D:8)
  2 howler monkeys
  4 jellies
  5 orc priests
  3 gnoll boudas
  A hound (D:5)
  Jessica (D:2)
  3 iguanas
  Ijyb (D:3)
  4 orc wizards
  A mummy (D:7)
  7 adders
  9 gnolls
  2 shadow imps
  A white imp (D:6)
  3 ufetubi
  3 worms
  16 orcs
  6 endoplasms
  5 giant cockroaches
  5 goblins
  6 hobgoblins
  15 kobolds
  6 quokkas
  7 ball pythons
  7 bats
  A frilled lizard (D:2)
  4 rats
209 creatures vanquished.

Vanquished Creatures (others)
  5 fungi
  12 plants
17 creatures vanquished.

Grand Total: 226 creatures vanquished

Notes
Turn   | Place    | Note
-------+----------+-------------------------------------------
     0 | D:1      | qw the Ghoul Fire Elementalist began the quest for the Orb.
     0 | D:1      | Reached XP level 1. HP: 14/14 MP: 2/2
     0 | D:1      | 0 ||| qw: Version: 0.1-a-90-g952f4b7
     0 | D:1      | 0 ||| qw: Game counter: 4070
     0 | D:1      | 0 ||| qw: Always use a shield: true
     0 | D:1      | 0 ||| qw: God list: Okawaru
     0 | D:1      | 0 ||| qw: Allow faded altars: false
     0 | D:1      | 0 ||| qw: Do Orc after D:15 true
     0 | D:1      | 0 ||| qw: Do second Lair branch before Depths: true
     0 | D:1      | 0 ||| qw: Lair rune preference: random
     0 | D:1      | 0 ||| qw: Plans: Normal
     0 | D:1      | 0 ||| PLANNING D:1-11
   186 | D:1      | Reached skill level 1 in Unarmed Combat
   475 | D:1      | 475 ||| Stepping ~*~*~tactically~*~*~ (stealth).
   495 | D:1      | 495 ||| Stepping ~*~*~tactically~*~*~ (stealth).
   593 | D:1      | Reached skill level 1 in Fighting
   593 | D:1      | Reached XP level 2. HP: 16/23 MP: 3/3
   974 | D:1      | 974 ||| Stepping ~*~*~tactically~*~*~ (stealth).
   976 | D:1      | 976 ||| Stepping ~*~*~tactically~*~*~ (stealth).
  1499 | D:1      | 1499 ||| UPGRADING to +0 leather armour.
  1509 | D:1      | 1509 ||| DROPPING +0 robe.
  1510 | D:1      | 1510 ||| UPGRADING to +0 helmet.
  1515 | D:1      | 1515 ||| READING 2 scrolls labelled GAIXUO XUKHLEO.
  1516 | D:1      | 1516 ||| READING scroll labelled KUBATTE PIHECU.
  1517 | D:1      | 1517 ||| READING scroll labelled NETIEWNESA.
  1518 | D:1      | 1518 ||| DROPPING potion of magic.
  1572 | D:2      | 1572 ||| Stepping ~*~*~tactically~*~*~ (stealth).
  1590 | D:2      | 1590 ||| FLEEEEING.
  1591 | D:2      | 1591 ||| FLEEEEING.
  1592 | D:2      | 1592 ||| FLEEEEING.
  1593 | D:2      | 1593 ||| FLEEEEING.
  1594 | D:2      | 1594 ||| FLEEEEING.
  1596 | D:2      | 1596 ||| FLEEEEING.
  1597 | D:2      | 1597 ||| FLEEEEING.
  1598 | D:2      | 1598 ||| FLEEEEING.
  1599 | D:2      | 1599 ||| FLEEEEING.
  1600 | D:2      | 1600 ||| FLEEEEING.
  1601 | D:2      | 1601 ||| FLEEEEING.
  1602 | D:2      | 1602 ||| FLEEEEING.
  1603 | D:2      | 1603 ||| FLEEEEING.
  1604 | D:2      | 1604 ||| FLEEEEING.
  1701 | D:2      | 1701 ||| Stepping ~*~*~tactically~*~*~ (outnumbered).
  1703 | D:2      | Reached skill level 2 in Unarmed Combat
  1899 | D:2      | 1899 ||| Stepping ~*~*~tactically~*~*~ (stealth).
  1901 | D:2      | 1901 ||| Stepping ~*~*~tactically~*~*~ (stealth).
  1914 | D:2      | 1914 ||| Stepping ~*~*~tactically~*~*~ (stealth).
  1918 | D:2      | 1918 ||| Stepping ~*~*~tactically~*~*~ (stealth).
  1919 | D:2      | 1919 ||| FLEEEEING.
  1920 | D:2      | 1920 ||| FLEEEEING.
  1921 | D:2      | 1921 ||| FLEEEEING.
  1922 | D:2      | 1922 ||| FLEEEEING.
  1923 | D:2      | 1923 ||| FLEEEEING.
  1925 | D:2      | 1925 ||| STAIRDANCE
  2132 | D:2      | 2132 ||| STAIRDANCE
  2355 | D:2      | 2355 ||| Stepping ~*~*~tactically~*~*~ (stealth).
  2356 | D:2      | 2356 ||| Stepping ~*~*~tactically~*~*~ (stealth).
  2360 | D:2      | Reached XP level 3. HP: 28/28 MP: 4/4
  2363 | D:2      | 2363 ||| Stepping ~*~*~tactically~*~*~ (stealth).
  2365 | D:2      | 2365 ||| Stepping ~*~*~tactically~*~*~ (stealth).
  2367 | D:2      | 2367 ||| Stepping ~*~*~tactically~*~*~ (stealth).
  2368 | D:2      | 2368 ||| Stepping ~*~*~tactically~*~*~ (stealth).
  2440 | D:2      | Noticed Jessica
  2448 | D:2      | Killed Jessica
  2449 | D:2      | Reached skill level 3 in Unarmed Combat
  2631 | D:2      | 2631 ||| Stepping ~*~*~tactically~*~*~ (stealth).
  2634 | D:2      | 2634 ||| Stepping ~*~*~tactically~*~*~ (stealth).
  2649 | D:2      | Reached XP level 4. HP: 17/35 MP: 5/5
  3065 | D:2      | Found a faded altar of an unknown god.
  3152 | D:2      | Reached skill level 4 in Unarmed Combat
  3288 | D:2      | 3288 ||| UPGRADING to +0 cloak.
  3293 | D:2      | 3293 ||| UPGRADING to +0 pair of gloves.
  3298 | D:2      | 3298 ||| READING scroll labelled OSOGIG VEIZXID.
  3299 | D:2      | 3299 ||| DRINKING 2 fizzy inky potions.
  3304 | D:2      | 3304 ||| Stepping ~*~*~tactically~*~*~ (stealth).
  3308 | D:2      | 3308 ||| Stepping ~*~*~tactically~*~*~ (stealth).
  3313 | D:3      | 3313 ||| PLANNING SEWER
  3332 | D:3      | 3332 ||| Stepping ~*~*~tactically~*~*~ (outnumbered).
  3386 | D:3      | Noticed Ijyb
  3420 | D:3      | Killed Ijyb
  3632 | D:3      | Found an ancient bone altar of Kikubaaqudgha.
  3645 | D:3      | Found a radiant altar of Vehumet.
  3645 | D:3      | Found a stormy altar of Qazlal.
  3646 | D:3      | Found a broken altar of Ashenzari.
  3655 | D:3      | Found a basalt altar of Yredelemnul.
  3655 | D:3      | Found an iron altar of Okawaru.
  3670 | D:3      | Reached XP level 5. HP: 42/42 MP: 6/6
  3670 | D:3      | Found a snail-covered altar of Cheibriados.
  3690 | D:3      | Became a worshipper of Warmaster Okawaru
  3693 | D:3      | Noticed a black bear
  3713 | D:3      | HP: 7/42 [black bear (4)]
  3714 | D:3      | HP: 1/42 [black bear (6)]
  3715 | D:3      | Killed a black bear
  3716 | D:3      | Reached skill level 5 in Unarmed Combat
  3755 | D:3      | 3755 ||| FLEEEEING.
  3756 | D:3      | 3756 ||| FLEEEEING.
  4026 | D:3      | Found an ornate altar of the Wu Jian Council.
  4054 | D:3      | 4054 ||| RIP SEWER
  4086 | D:3      | 4086 ||| PLANNING D:1-11
  4086 | D:3      | 4086 ||| Stepping ~*~*~tactically~*~*~ (stealth).
  4088 | D:3      | 4088 ||| Stepping ~*~*~tactically~*~*~ (stealth).
  4098 | D:3      | 4098 ||| Stepping ~*~*~tactically~*~*~ (outnumbered).
  4113 | D:3      | Reached XP level 6. HP: 29/49 MP: 7/7
  4455 | D:3      | 4455 ||| UPGRADING to +0 ring mail.
  4465 | D:3      | 4465 ||| DROPPING +0 leather armour.
  4466 | D:3      | 4466 ||| UPGRADING to +0 scale mail.
  4476 | D:3      | 4476 ||| DROPPING +0 ring mail.
  4477 | D:3      | 4477 ||| READING scroll labelled ECAFOODGHUMOE.
  4478 | D:3      | 4478 ||| READING scroll labelled ISUZIU XOQUEKO.
  4479 | D:3      | 4479 ||| READING scroll labelled RUXZUL RIBABOYTSIA.
  4480 | D:3      | 4480 ||| DRINKING 2 sapphire potions.
  4481 | D:3      | 4481 ||| READING 2 scrolls of identify.
  4481 | D:3      | 4481 ||| IDENTIFYING fuming inky potion
  4622 | D:4      | Noticed Sigmund
  4623 | D:4      | Found Gaepok's Assorted Antiques.
  4640 | D:4      | 4640 ||| DRINKING 2 potions of curing.
  4640 | D:4      | 4640 ||| (to cure confusion)
  4644 | D:4      | Killed Sigmund
  4644 | D:4      | Reached * piety under Okawaru
  4645 | D:4      | Reached skill level 3 in Armour
  4656 | D:4      | 4656 ||| SHOPLISTING bloodstained cloak (209 gold, have
                  | 127).
  4656 | D:4      | 4656 ||| BUYING large wooden ring (110 gold).
  4656 | D:4      | Bought a large wooden ring for 110 gold pieces
  4656 | D:4      | 4656 ||| SHOPLISTING scroll of identify (44 gold, have 17).
  4656 | D:4      | 4656 ||| SHOPLISTING shiny ruby ring (110 gold, have 17).
  4737 | D:4      | Identified the ring of Aceepum {rF+ rC+}
  4742 | D:4      | 4742 ||| Stepping ~*~*~tactically~*~*~ (stealth).
  4782 | D:4      | Reached skill level 1 in Invocations
  4782 | D:4      | Reached XP level 7. HP: 53/56 MP: 8/8
  4971 | D:4      | 4971 ||| INVOKING Heroism.
  4974 | D:4      | 4974 ||| Stepping ~*~*~tactically~*~*~ (outnumbered).
  4976 | D:4      | 4976 ||| Stepping ~*~*~tactically~*~*~ (outnumbered).
  4978 | D:4      | 4978 ||| Stepping ~*~*~tactically~*~*~ (outnumbered).
  4985 | D:4      | 4985 ||| INVOKING Heroism.
  5018 | D:4      | 5018 ||| INVOKING Heroism.
  5019 | D:4      | 5019 ||| INVOKING Heroism.
  5027 | D:4      | Noticed Pikel
  5028 | D:4      | 5028 ||| Stepping ~*~*~tactically~*~*~ (stealth).
  5036 | D:4      | 5036 ||| INVOKING Heroism.
  5037 | D:4      | 5037 ||| INVOKING Heroism.
  5039 | D:4      | Killed Pikel
  5039 | D:4      | Reached ** piety under Okawaru
  5040 | D:4      | Reached skill level 7 in Unarmed Combat
  5040 | D:4      | Reached XP level 8. HP: 22/62 MP: 6/10
  5371 | D:4      | 5371 ||| UPGRADING to ring of protection from cold.
  5372 | D:4      | 5372 ||| UPGRADING to ring of Aceepum {rF+ rC+}.
  5373 | D:4      | 5373 ||| UPGRADING to +6 ring of strength.
  5375 | D:4      | 5375 ||| DROPPING ring of protection from cold.
  5376 | D:4      | 5376 ||| READING scroll labelled HEVIARULUS.
  5377 | D:4      | 5377 ||| READING 2 scrolls of identify.
  5377 | D:4      | 5377 ||| IDENTIFYING sedimented orange potion
  5406 | D:5      | Entered Level 5 of the Dungeon
  5410 | D:5      | Identified the +1 cloak "Orhis" {Str+6 Int-4}
  5486 | D:5      | Reached skill level 3 in Fighting
  5741 | D:5      | 5741 ||| Stepping ~*~*~tactically~*~*~ (hiding).
  5743 | D:5      | 5743 ||| INVOKING Heroism.
  5746 | D:5      | 5746 ||| Stepping ~*~*~tactically~*~*~ (hiding).
  5757 | D:5      | Reached skill level 8 in Unarmed Combat
  6039 | D:5      | 6039 ||| Stepping ~*~*~tactically~*~*~ (stealth).
  6040 | D:5      | 6040 ||| Stepping ~*~*~tactically~*~*~ (stealth).
  6102 | D:5      | 6102 ||| INVOKING Heroism.
  6117 | D:5      | 6117 ||| Stepping ~*~*~tactically~*~*~ (stealth).
  6118 | D:5      | 6118 ||| Stepping ~*~*~tactically~*~*~ (stealth).
  6149 | D:5      | 6149 ||| UPGRADING to +1 cloak "Orhis" {Str+6 Int-4}.
  6159 | D:5      | 6159 ||| DROPPING +0 cloak.
  6160 | D:5      | 6160 ||| READING scroll labelled GEGGUUZOKE.
  6161 | D:5      | 6161 ||| READING scroll labelled SEMOIN KIGH.
  6162 | D:5      | 6162 ||| DRINKING 3 bubbling yellow potions.
  6163 | D:5      | 6163 ||| Stepping randomly (stuck).
  6164 | D:5      | 6164 ||| Stepping randomly (stuck).
  6165 | D:5      | 6165 ||| Stepping randomly (stuck).
  6166 | D:5      | 6166 ||| Stepping randomly (stuck).
  6167 | D:5      | 6167 ||| Stepping randomly (stuck).
  6168 | D:5      | 6168 ||| Stepping randomly (stuck).
  6169 | D:5      | 6169 ||| Stepping randomly (stuck).
  6170 | D:5      | 6170 ||| Stepping randomly (stuck).
  6171 | D:5      | 6171 ||| Stepping randomly (stuck).
  6172 | D:5      | 6172 ||| Stepping randomly (stuck).
  6174 | D:5      | 6174 ||| Stepping randomly (stuck).
  6181 | D:5      | 6181 ||| Stepping randomly (stuck).
  6182 | D:5      | 6182 ||| Stepping randomly (stuck).
  6183 | D:5      | 6183 ||| INVOKING Heroism.
  6184 | D:5      | 6184 ||| Stepping randomly (stuck).
  6189 | D:5      | Reached skill level 9 in Unarmed Combat
  6193 | D:5      | 6193 ||| Stepping ~*~*~tactically~*~*~ (outnumbered).
  6355 | D:5      | 6355 ||| INVOKING Heroism.
  6361 | D:5      | Reached XP level 9. HP: 74/74 MP: 8/11
  6630 | D:5      | 6630 ||| INVOKING Heroism.
  6705 | D:5      | Found a staircase to the Ecumenical Temple.
  6931 | D:5      | 6931 ||| READING scroll labelled SIOTHE XUTU.
  6988 | D:6      | Noticed Blork the orc
  6989 | D:6      | 6989 ||| STAIRDANCE
  6991 | D:5      | 6991 ||| INVOKING Heroism.
  6994 | D:5      | Killed Blork the orc
  7018 | D:6      | 7018 ||| STAIRDANCE
  7150 | D:6      | 7150 ||| INVOKING Heroism.
  7152 | D:6      | Noticed Edmund
  7159 | D:6      | Killed Edmund
  7160 | D:6      | Reached skill level 10 in Unarmed Combat
  7197 | D:6      | Reached skill level 1 in Throwing
  7357 | D:6      | Identified the +5 hand axe of Bile {vamp, Int+5}
  7369 | D:6      | 7369 ||| INVOKING Heroism.
  7370 | D:6      | 7370 ||| Stepping ~*~*~tactically~*~*~ (stealth).
  7377 | D:6      | 7377 ||| Stepping ~*~*~tactically~*~*~ (stealth).
  7387 | D:6      | 7387 ||| INVOKING Heroism.
  7389 | D:6      | Reached skill level 6 in Fighting
  7496 | D:6      | Noticed Grinder
  7497 | D:6      | 7497 ||| Stepping ~*~*~tactically~*~*~ (hiding).
  7502 | D:6      | 7502 ||| INVOKING Heroism.
  7502 | D:6      | Paralysed by Grinder for 2 turns
  7516 | D:6      | Killed Grinder
  7516 | D:6      | Reached *** piety under Okawaru
  7801 | D:6      | 7801 ||| UPGRADING to +0 chain mail.
  7811 | D:6      | 7811 ||| DROPPING +0 scale mail.
  7812 | D:6      | 7812 ||| READING scroll labelled COOLAG JOER.
  7812 | D:6      | Identified a scroll of acquirement
  7812 | D:6      | 7812 ||| ACQUIRING +0 pair of boots "Xuenaba" {Str-3 Dex+6}
  7812 | D:6      | Acquired the +0 pair of boots "Xuenaba" {Str-3 Dex+6}
  7814 | D:6      | 7814 ||| UPGRADING to +0 pair of boots "Xuenaba" {Str-3
                  | Dex+6}.
  7819 | D:6      | 7819 ||| READING 2 scrolls labelled TAULAR KOSERUT.
  7823 | D:6      | 7823 ||| DRINKING 2 black potions.
  7824 | D:6      | 7824 ||| READING 2 scrolls of identify.
  7824 | D:6      | 7824 ||| IDENTIFYING orange potion
  7825 | D:6      | 7825 ||| DROPPING potion of degeneration.
  7826 | D:6      | 7826 ||| DROPPING potion of lignification.
  7841 | D:7      | 7841 ||| PLANNING OSSUARY
  7961 | D:7      | 7961 ||| Stepping ~*~*~tactically~*~*~ (hiding).
  7964 | D:7      | 7964 ||| INVOKING Heroism.
  8004 | D:7      | 8004 ||| INVOKING Heroism.
  8039 | D:7      | 8039 ||| Stepping ~*~*~tactically~*~*~ (hiding).
  8044 | D:7      | 8044 ||| INVOKING Heroism.
  8179 | D:7      | Noticed a white ugly thing
  8187 | D:7      | 8187 ||| INVOKING Heroism.
  8191 | D:7      | Killed a white ugly thing
  8192 | D:7      | Reached skill level 11 in Unarmed Combat
  8192 | D:7      | Reached XP level 10. HP: 58/83 MP: 9/12
  8204 | D:7      | Reached skill level 12 in Unarmed Combat
  8208 | D:7      | 8208 ||| FLEEEEING.
  8212 | D:7      | 8212 ||| FLEEEEING.
  8213 | D:7      | 8213 ||| FLEEEEING.
  8214 | D:7      | 8214 ||| FLEEEEING.
  8215 | D:7      | 8215 ||| FLEEEEING.
  8216 | D:7      | 8216 ||| FLEEEEING.
  8217 | D:7      | 8217 ||| STAIRDANCE
  8358 | D:6      | 8358 ||| READING scroll labelled UDEEQU ZASOACK.
  8362 | D:7      | 8362 ||| INVOKING Heroism.
  8495 | D:7      | 8495 ||| Stepping ~*~*~tactically~*~*~ (stealth).
  8497 | D:7      | 8497 ||| Stepping ~*~*~tactically~*~*~ (stealth).
  8500 | D:7      | 8500 ||| Stepping ~*~*~tactically~*~*~ (stealth).
  8503 | D:7      | 8503 ||| Stepping ~*~*~tactically~*~*~ (stealth).
  8519 | D:7      | 8519 ||| Stepping ~*~*~tactically~*~*~ (stealth).
  8520 | D:7      | 8520 ||| Stepping ~*~*~tactically~*~*~ (stealth).
  8533 | D:7      | 8533 ||| RIP OSSUARY
  8535 | D:7      | 8535 ||| PLANNING D:1-11
  8570 | D:7      | 8570 ||| INVOKING Heroism.
  8715 | D:7      | 8715 ||| DRINKING 2 glowing white potions.
  8716 | D:7      | 8716 ||| DROPPING potion of attraction.
  8744 | D:8      | Noticed Grum
  8744 | D:8      | 8744 ||| INVOKING Heroism.
  8750 | D:8      | Reached **** piety under Okawaru
  8754 | D:8      | Killed Grum
  8838 | D:8      | 8838 ||| INVOKING Heroism.
  8839 | D:8      | 8839 ||| Stepping ~*~*~tactically~*~*~ (outnumbered).
  8864 | D:8      | 8864 ||| INVOKING Heroism.
  8878 | D:8      | 8878 ||| Stepping ~*~*~tactically~*~*~ (stealth).
  8879 | D:8      | 8879 ||| Stepping ~*~*~tactically~*~*~ (stealth).
  9022 | D:8      | 9022 ||| Stepping ~*~*~tactically~*~*~ (stealth).
  9033 | D:8      | 9033 ||| Stepping ~*~*~tactically~*~*~ (stealth).
  9034 | D:8      | 9034 ||| Stepping ~*~*~tactically~*~*~ (stealth).
  9035 | D:8      | 9035 ||| Stepping ~*~*~tactically~*~*~ (stealth).
  9036 | D:8      | 9036 ||| Stepping ~*~*~tactically~*~*~ (stealth).
  9037 | D:8      | 9037 ||| Stepping ~*~*~tactically~*~*~ (stealth).
  9043 | D:8      | 9043 ||| Stepping ~*~*~tactically~*~*~ (stealth).
  9044 | D:8      | 9044 ||| Stepping ~*~*~tactically~*~*~ (stealth).
  9078 | D:8      | Found an opulent altar of Gozag.
  9082 | D:8      | 9082 ||| Stepping ~*~*~tactically~*~*~ (stealth).
  9090 | D:8      | 9090 ||| INVOKING Heroism.
  9094 | D:8      | 9094 ||| Stepping ~*~*~tactically~*~*~ (outnumbered).
  9133 | D:8      | 9133 ||| Stepping ~*~*~tactically~*~*~ (stealth).
  9136 | D:8      | 9136 ||| INVOKING Heroism.
  9179 | D:8      | 9179 ||| Stepping ~*~*~tactically~*~*~ (stealth).
  9181 | D:8      | 9181 ||| Stepping ~*~*~tactically~*~*~ (stealth).
  9183 | D:8      | 9183 ||| Stepping ~*~*~tactically~*~*~ (hiding).
  9405 | D:8      | Found a staircase to the Lair.
  9621 | D:8      | 9621 ||| UPGRADING to amulet of reflection.
  9626 | D:8      | 9626 ||| PLANNING LAIR
  9656 | Lair:1   | Entered Level 1 of the Lair of Beasts
  9664 | Lair:1   | Reached skill level 6 in Invocations
  9664 | Lair:1   | Noticed a boulder beetle
  9665 | Lair:1   | 9665 ||| INVOKING Heroism.
  9697 | Lair:1   | 9697 ||| INVOKING Heroism.
  9700 | Lair:1   | Killed a boulder beetle
  9700 | Lair:1   | Received a gift from Okawaru
  9923 | Lair:1   | Noticed a black mamba
  9924 | Lair:1   | 9924 ||| INVOKING Heroism.
  9930 | Lair:1   | Killed a black mamba
  9931 | Lair:1   | Reached skill level 13 in Unarmed Combat
  9991 | Lair:1   | Reached XP level 11. HP: 92/92 MP: 15/15
 10061 | Lair:1   | 10061 ||| INVOKING Heroism.
 10107 | Lair:1   | 10107 ||| Stepping ~*~*~tactically~*~*~ (outnumbered).
 10108 | Lair:1   | 10108 ||| Stepping ~*~*~tactically~*~*~ (outnumbered).
 10109 | Lair:1   | 10109 ||| Stepping ~*~*~tactically~*~*~ (outnumbered).
 10110 | Lair:1   | 10110 ||| Stepping ~*~*~tactically~*~*~ (outnumbered).
 10111 | Lair:1   | 10111 ||| Stepping ~*~*~tactically~*~*~ (outnumbered).
 10113 | Lair:1   | Reached skill level 3 in Dodging
 10233 | Lair:1   | Noticed a wolf spider
 10234 | Lair:1   | 10234 ||| INVOKING Heroism.
 10238 | Lair:1   | 10238 ||| Stepping ~*~*~tactically~*~*~ (outnumbered).
 10239 | Lair:1   | 10239 ||| Stepping ~*~*~tactically~*~*~ (outnumbered).
 10240 | Lair:1   | 10240 ||| Stepping ~*~*~tactically~*~*~ (outnumbered).
 10241 | Lair:1   | 10241 ||| Stepping ~*~*~tactically~*~*~ (outnumbered).
 10242 | Lair:1   | 10242 ||| Stepping ~*~*~tactically~*~*~ (outnumbered).
 10246 | Lair:1   | 10246 ||| Stepping ~*~*~tactically~*~*~ (outnumbered).
 10250 | Lair:1   | 10250 ||| Stepping ~*~*~tactically~*~*~ (outnumbered).
 10251 | Lair:1   | 10251 ||| Stepping ~*~*~tactically~*~*~ (outnumbered).
 10252 | Lair:1   | 10252 ||| Stepping ~*~*~tactically~*~*~ (outnumbered).
 10253 | Lair:1   | 10253 ||| Stepping ~*~*~tactically~*~*~ (outnumbered).
 10263 | Lair:1   | Killed a wolf spider
 10263 | Lair:1   | Reached ***** piety under Okawaru
 10534 | Lair:1   | 10534 ||| Stepping ~*~*~tactically~*~*~ (stealth).
 10538 | Lair:1   | 10538 ||| Stepping ~*~*~tactically~*~*~ (stealth).
 10540 | Lair:1   | Received a gift from Okawaru
 10542 | Lair:1   | 10542 ||| INVOKING Heroism.
 10546 | Lair:1   | 10546 ||| Stepping ~*~*~tactically~*~*~ (outnumbered).
 10548 | Lair:1   | 10548 ||| Stepping ~*~*~tactically~*~*~ (outnumbered).
 10549 | Lair:1   | 10549 ||| Stepping ~*~*~tactically~*~*~ (outnumbered).
 10550 | Lair:1   | 10550 ||| Stepping ~*~*~tactically~*~*~ (outnumbered).
 10551 | Lair:1   | 10551 ||| Stepping ~*~*~tactically~*~*~ (outnumbered).
 10552 | Lair:1   | 10552 ||| Stepping ~*~*~tactically~*~*~ (outnumbered).
 10553 | Lair:1   | 10553 ||| Stepping ~*~*~tactically~*~*~ (outnumbered).
 10554 | Lair:1   | 10554 ||| Stepping ~*~*~tactically~*~*~ (outnumbered).
 10556 | Lair:1   | Reached skill level 3 in Throwing
 10897 | Lair:1   | 10897 ||| READING 2 scrolls of identify.
 10897 | Lair:1   | 10897 ||| IDENTIFYING lumpy yellow potion
 10898 | Lair:1   | 10898 ||| DROPPING potion of invisibility.
 11029 | Lair:2   | Reached skill level 9 in Invocations
 11032 | Lair:2   | 11032 ||| INVOKING Heroism.
 11063 | Lair:2   | Found a staircase to the Shoals.
 11064 | Lair:2   | 11064 ||| Stepping ~*~*~tactically~*~*~ (hiding).
 11065 | Lair:2   | 11065 ||| Stepping ~*~*~tactically~*~*~ (hiding).
 11072 | Lair:2   | Identified the +0 hat of the Blacksmith {rC+++ Str+5 Dex-3}
                  | (Okawaru gifted it to you on level 2 of the Lair of Beasts)
 11072 | Lair:2   | Received a gift from Okawaru
 11080 | Lair:2   | 11080 ||| INVOKING Heroism.
 11081 | Lair:2   | HP: 22/94 [merfolk/+0 trident (15)]
 11082 | Lair:2   | 11082 ||| READING 3 scrolls of teleportation.
 11083 | Lair:2   | 11083 ||| DRINKING 3 potions of heal wounds.
 11084 | Lair:2   | HP: 10/94 [merfolk/+0 trident (15)]
 11084 | Lair:2   | Slain by a merfolk

Levels and vault maps discovered:
D:1:      sevenhm_arrival_forest_fort_small_3, layout_basic, kennysheep_boxes
D:2:      layout_basic, hellmonk_ecumenical_altar_inner_sanctum,
          kennysheep_potato, uniq_jessica
D:3:      layout_basic, lemuel_tele_altar, grunt_temple_overflow_open,
          portal_sewer_entry_f, uniq_ijyb
D:4:      layout_basic, serial_shops, nicolae_stop_n_shop_2, uniq_sigmund,
          uniq_pikel
D:5:      minmay_general_purpose_star, layout_basic,
          minmay_temple_entry_antechambers, grunt_ministairs_2, st_stairs_1
D:6:      layout_gridville, uniq_grinder, uniq_blork_the_orc, uniq_edmund
D:7:      cheibrodos_steamvent, layout_basic, gup_ossuary_entry_pyramid,
          corexii_corridor_pit, columned_hall_lemuel, grunt_decor_one_mirror,
          minmay_misc_feat_tiny, minivault_26, minmay_misc_feat_ornament
D:8:      layout_cave_pools, mainiacjoe_overflow_cross_hatched,
          dpeg_oklobed_lair, kennysheep_generic_room_7, uniq_grum
Lair:1:   layout_cave_pods, lightli_volcano_entry_magma_tube,
          nicolae_lair_run_with_the_wolves
Lair:2:   layout_cellular_growth, elwin_shoals_entry_stream,
          minmay_snake_entry_guardpost_small, infiniplex_staircase_pool

Skill      XL: |  1  2  3  4  5  6  7  8  9 10 11 |
---------------+----------------------------------+-----
Unarmed Combat | 1 2 3 4 5 7 9 11 13 | 13.4
Fighting       | 1 2 5 6 7 8 |  8.0
Armour         | 3 4 |  4.0
Invocations    | 1 4 7 9 |  9.3
Throwing       | 2 3 |  3.0
Dodging        | 2 3 |  3.1
Stealth        | |  2.1
Spellcasting   | |  1.7
Conjurations   | |  0.7
Fire Magic     | |  2.4

Action                   |  1- 3 |  4- 6 |  7- 9 | 10-12 || total
-------------------------+-------+-------+-------+-------++-------
Melee: Unarmed           |   123 |   213 |   257 |   218 ||   811
       Punch             |     3 |       |    12 |    31 ||    46
Throw: Boomerang         |       |    20 |    41 |     9 ||    70
       Javelin           |       |       |     7 |    43 ||    50
Invok: Heroism           |       |       |    18 |    15 ||    33
  Use: Scroll            |     3 |     5 |     8 |     3 ||    19
       Potion            |       |     3 |     2 |     2 ||     7
 Stab: Sleeping          |     3 |       |       |       ||     3
Armor: Robe              |     2 |       |       |       ||     2
       Leather armour    |    23 |    62 |       |       ||    85
       Scale mail        |       |    20 |    85 |       ||   105
       Chain mail        |       |       |     6 |    74 ||    80
Dodge: Dodged            |    53 |   101 |    89 |    80 ||   323
Block: Other             |       |       |       |    14 ||    14

Table legend:
 A = Non-vault XP
 B = Vault XP
 C = Vault XP percentage of total XP
 D = Non-vault monster count
 E = Vault monster count
 F = Vault count percentage of total count
                 A         B        C        D         E       F
            +---------+---------+-------+---------+---------+-------
      Total |    8494 |    6282 |  42.5 |     150 |      56 |  27.2
            +---------+---------+-------+---------+---------+-------
        D:1 |      18 |       0 |   0.0 |      11 |       0 |   0.0
        D:2 |      54 |      40 |  42.6 |      15 |       3 |  16.7
        D:3 |     168 |      48 |  22.2 |      18 |       7 |  28.0
        D:4 |     130 |     890 |  87.3 |      12 |       2 |  14.3
        D:5 |     539 |     681 |  55.8 |       9 |      16 |  64.0
        D:6 |     728 |     427 |  37.0 |      17 |       2 |  10.5
        D:7 |    1252 |     576 |  31.5 |      18 |       4 |  18.2
        D:8 |    1425 |     660 |  31.7 |      34 |       7 |  17.1
     Lair:1 |    3754 |    2013 |  34.9 |      14 |      13 |  48.1
     Lair:2 |     426 |     947 |  69.0 |       2 |       2 |  50.0
            +---------+---------+-------+---------+---------+-------
